 Dungeon Crawl Stone Soup version 0.27-a0-1442-g87b6fcb595 (webtiles) character file.

Game seed: 8170313253768381726

243 funkygono the Ducker (level 6, -14/50 HPs)
             Began as a Gnoll Gladiator on July 5, 2021.
             Demolished by a two-headed ogre (22 damage)
             ... on level 4 of the Dungeon.
             The game lasted 00:05:33 (3669 turns).

funkygono the Ducker (Gnoll Gladiator)              Turns: 3669, Time: 00:05:33

Health: -14/50     AC: 12    Str: 15    XL:     6   Next: 9%
Magic:  8/8        EV:  6    Int:  8    God:
Gold:   155        SH:  5    Dex: 13    Spells: 8/8 levels left

rFire    . . .     SeeInvis .   a - +0 long sword
rCold    . . .     Faith    .   (no shield)
rNeg     . . .     Spirit   .   f - +0 plate armour
rPois    .         Reflect  +   c - +0 helmet
rElec    .         Harm     .   (no cloak)
rCorr    .         Rampage  .   s - +0 pair of gloves
Will     .....                  (no boots)
Stlth    ..........             e - amulet of reflection
HPRegen  0.16/turn              (no ring)
MPRegen  0.11/turn              (no ring)

@: no status effects
A: fangs 1, strong nose, distributed training
a: no special abilities


You were on level 4 of the Dungeon.
You visited 1 branch of the dungeon, and saw 4 of its levels.

You collected 155 gold pieces.

Inventory:

Hand Weapons
 a - a +0 long sword (weapon)
 r - a +0 shortbow
Missiles
 d - 3 throwing nets
 h - 22 poisoned darts (quivered)
 m - 59 bolts
 n - 49 arrows
Armour
 b - a +0 leather armour
 c - a +0 helmet (worn)
 f - a +0 plate armour (worn)
 g - a +0 ring mail
 s - a +0 pair of gloves (worn)
Magical Staves
 t - a staff of earth
Jewellery
 e - an amulet of reflection (around neck)
Scrolls
 k - a scroll of immolation {unknown}
Potions
 i - a potion of brilliance
 j - a potion of heal wounds {unknown}
 l - a potion of haste
 o - a potion of lignification {unknown}
 p - a potion of ambrosia
 q - a potion of might {unknown}


   Skills:
 + Level 4.9 Fighting
 + Level 1.8 Short Blades
 + Level 6.8 Long Blades
 + Level 1.8 Axes
 + Level 1.8 Maces & Flails
 + Level 1.8 Polearms
 + Level 1.8 Staves
 + Level 1.8 Slings
 + Level 1.8 Bows
 + Level 1.8 Crossbows
 + Level 4.9 Throwing
 + Level 1.8 Armour
 + Level 6.8 Dodging
 + Level 1.8 Stealth
 + Level 1.8 Shields
 + Level 1.8 Unarmed Combat
 + Level 1.8 Spellcasting
 + Level 1.4 Conjurations
 + Level 1.4 Hexes
 + Level 1.4 Summonings
 + Level 1.4 Necromancy
 + Level 1.4 Translocations
 + Level 1.4 Transmutations
 + Level 1.4 Fire Magic
 + Level 1.4 Ice Magic
 + Level 1.4 Air Magic
 + Level 1.4 Earth Magic
 + Level 1.4 Poison Magic
 + Level 2.0 Invocations
 + Level 1.8 Evocations


You had 8 spell levels left.
You didn't know any spells.
Your spell library was empty.

Dungeon Overview and Level Annotations

Branches:
Dungeon (4/15)
 Temple: D:4-7

Altars:
Sif Muna
Wu Jian

Shops:
D:3 *(


Innate Abilities, Weirdness & Mutations

You have very sharp teeth.
Your uncanny sense of smell can sniff out nearby items.
Your experience applies equally to all skills.


Message History

You see here a +0 club.
An endoplasm comes into view.
The endoplasm quivers.
Throw: 24 darts (poison)
Press: ? - help, Q - select action, (/) - cycle Shift-Dir - straight line, f - endoplasm
Aim: an endoplasm (86% to hit)
You throw a poisoned dart. The poisoned dart hits the endoplasm!
The endoplasm is poisoned.
Unknown command.
The endoplasm freezes you.
You are frozen.
You slash the endoplasm!
You kill the endoplasm!
h - 24 poisoned darts (gained 1)
Found a thin glowing staff.
You see here a staff of earth.
t - a staff of earth You now have 155 gold pieces (gained 12).
Found a dagger.
A two-headed ogre comes into view. It is wielding two +0 giant clubs.
Throw: 24 darts (poison)
Press: ? - help, Q - select action, (/) - cycle Shift-Dir - straight line, f - two-headed ogre
Aim: a two-headed ogre, wielding two +0 giant clubs (76% to hit)
You throw a poisoned dart.
The poisoned dart hits the two-headed ogre.
The two-headed ogre is poisoned.
Throw: 23 darts (poison)
Press: ? - help, Q - select action, (/) - cycle Shift-Dir - straight line, f/p - two-headed ogre
Aim: a two-headed ogre, wielding two +0 giant clubs (lightly wounded, poisoned, 74% to hit)
You throw a poisoned dart.
The poisoned dart barely misses the two-headed ogre.
The two-headed ogre hits you with a +0 giant club!!
Ouch! That really hurt!
The two-headed ogre hits you with a +0 giant club.
You hit the two-headed ogre.
The two-headed ogre is lightly wounded.
The two-headed ogre hits you with a +0 giant club!
* * * LOW HITPOINT WARNING * * *
The two-headed ogre hits you with a +0 giant club!!
You die...

### ####### ##.. #.....#
##... # #.###.######.#.#
#.. ###.#.)...........
.....##..............#.#
(....(O@......#####.#...
.....##.####### #.##.#
#... #.. #.##.# ## ##.#
#.##.# .. #.##.# ∆ #..
#.##.# .# #.##.. ## ###


You could see a two-headed ogre (poisoned).

Vanquished Creatures
  A centaur (D:3)
  A howler monkey (D:3)
  A hound skeleton (D:4)
  3 adders
  2 worms
  A dart slug (D:2)
  An orc (D:3)
  12 ball pythons
  5 bats
  4 endoplasms
  2 giant cockroaches (D:1)
  8 goblins
  5 hobgoblins
  11 jackals
  5 kobolds
  A quokka (D:1)
  A frilled lizard (D:1)
  3 rats
67 creatures vanquished.

Notes
Turn   | Place    | Note
-------+----------+-------------------------------------------
     0 | D:1      | funkygono the Gnoll Gladiator began the quest for the Orb.
     0 | D:1      | Reached XP level 1. HP: 20/20 MP: 1/1
   245 | D:1      | Reached XP level 2. HP: 25/26 MP: 2/2
   885 | D:2      | Reached XP level 3. HP: 27/31 MP: 3/3
  1022 | D:2      | Reached skill level 1 in Invocations
  1172 | D:2      | Found an ornate altar of the Wu Jian Council.
  1287 | D:2      | Reached skill level 1 in Short Blades
  1287 | D:2      | Reached skill level 1 in Axes
  1287 | D:2      | Reached skill level 1 in Maces & Flails
  1287 | D:2      | Reached skill level 1 in Polearms
  1287 | D:2      | Reached skill level 1 in Staves
  1287 | D:2      | Reached skill level 1 in Slings
  1287 | D:2      | Reached skill level 1 in Bows
  1287 | D:2      | Reached skill level 1 in Crossbows
  1287 | D:2      | Reached skill level 1 in Armour
  1287 | D:2      | Reached skill level 1 in Stealth
  1287 | D:2      | Reached skill level 1 in Shields
  1287 | D:2      | Reached skill level 1 in Unarmed Combat
  1287 | D:2      | Reached skill level 1 in Spellcasting
  1287 | D:2      | Reached skill level 1 in Evocations
  1366 | D:2      | Reached XP level 4. HP: 34/38 MP: 5/5
  1736 | D:3      | Found a faded altar of an unknown god.
  1937 | D:3      | Found a shimmering blue altar of Sif Muna.
  2007 | D:3      | Noticed a centaur
  2024 | D:3      | Killed a centaur
  2025 | D:3      | Reached skill level 1 in Conjurations
  2025 | D:3      | Reached skill level 1 in Hexes
  2025 | D:3      | Reached skill level 1 in Summonings
  2025 | D:3      | Reached skill level 1 in Necromancy
  2025 | D:3      | Reached skill level 1 in Translocations
  2025 | D:3      | Reached skill level 1 in Transmutations
  2025 | D:3      | Reached skill level 1 in Fire Magic
  2025 | D:3      | Reached skill level 1 in Ice Magic
  2025 | D:3      | Reached skill level 1 in Air Magic
  2025 | D:3      | Reached skill level 1 in Earth Magic
  2025 | D:3      | Reached skill level 1 in Poison Magic
  2025 | D:3      | Reached XP level 5. HP: 16/43 MP: 5/7
  2596 | D:3      | Found Erphiolo's Assorted Antiques.
  2606 | D:3      | Found Xalaohah's Antique Weapon Boutique.
  3439 | D:4      | Reached XP level 6. HP: 50/50 MP: 8/8
  3666 | D:4      | Noticed a two-headed ogre
  3669 | D:4      | Demolished by a two-headed ogre

Illustrated notes

Levels and vault maps discovered:
D:1:      shiori_arrival_elements, layout_loops_cross, hangedman_decor_points
D:2:      layout_rooms, basic_altar
D:3:      layout_basic, lemuel_tele_altar, ebering_ecumenical_altar_mist,
          serial_shops, shop, nicolae_shop_crystal, due_unseen_surprise
D:4:      layout_loops_ring, minmay_temple_entry_slanted

Skill      XL: |  1  2  3  4  5 |
---------------+----------------+-----
Invocations    | 1 2 |  2.0
Short Blades   | 1 |  1.8
Axes           | 1 |  1.8
Maces & Flails | 1 |  1.8
Polearms       | 1 |  1.8
Staves         | 1 |  1.8
Slings         | 1 |  1.8
Bows           | 1 |  1.8
Crossbows      | 1 |  1.8
Armour         | 1 |  1.8
Stealth        | 1 |  1.8
Shields        | 1 |  1.8
Unarmed Combat | 1 |  1.8
Spellcasting   | 1 |  1.8
Evocations     | 1 |  1.8
Conjurations   | 1 |  1.4
Hexes          | 1 |  1.4
Summonings     | 1 |  1.4
Necromancy     | 1 |  1.4
Translocations | 1 |  1.4
Transmutations | 1 |  1.4
Fire Magic     | 1 |  1.4
Ice Magic      | 1 |  1.4
Air Magic      | 1 |  1.4
Earth Magic    | 1 |  1.4
Poison Magic   | 1 |  1.4
Fighting       | |  4.9
Long Blades    | |  6.8
Throwing       | |  4.9
Dodging        | |  6.8

Action                   |  1- 3 |  4- 6 || total
-------------------------+-------+-------++-------
Melee: Long sword        |   107 |   101 ||   208
       Bite              |     6 |    12 ||    18
Throw: Throwing net      |     1 |       ||     1
       Dart              |       |    11 ||    11
  Use: Scroll            |     3 |     6 ||     9
       Potion            |       |     1 ||     1
Armor: Ring mail         |    16 |       ||    16
       Leather armour    |     2 |       ||     2
       Plate armour      |    52 |    77 ||   129
Dodge: Dodged            |    52 |    24 ||    76
Block: Other             |    38 |    32 ||    70
       Reflection        |       |     2 ||     2
       Rpst.: Long sword |    15 |     6 ||    21

Table legend: (Time is in decaauts)
 A = Elapsed time spent in this place.
 B = Non-inter-level travel time spent in this place.
 C = Inter-level travel time spent in this place.
 D = Time resting spent in this place.
 E = Time spent auto-exploring this place.
 F = Levels seen in this place.
 G = Mean time per level.
                   A        B        C        D        E       F      G
               +--------+--------+--------+--------+--------+-----+--------+
         Total |   3682 |   3511 |    171 |    368 |   2515 |   4 |  920.5 |
       Dungeon |   3682 |   3511 |    171 |    368 |   2515 |   4 |  920.5 |
               +--------+--------+--------+--------+--------+-----+--------+

Top non-repeatable levels by time:
     D:3: 1305 daAuts
     D:2: 1165 daAuts
     D:1: 842 daAuts
     D:4: 370 daAuts
